 Dungeon Crawl Stone Soup version 0.31-a0-692-gf03d1854d5 (webtiles) character file.

Game seed: 11027775606008284288

32 Ijustatesigmund the Ducker (level 3, 0/20 HPs)
             Began as a Spriggan Fighter on Sept 7, 2023.
             Succumbed to a goblin's poison
             ... on level 1 of the Dungeon.
             The game lasted 00:02:39 (494 turns).

Ijustatesigmund the Ducker (Spriggan Fighter)        Turns: 494, Time: 00:02:39

Health: 0/20       AC:  2    Str: 14    XL:     3   Next: 10%
Magic:  4/4        EV: 17    Int:  9    God:
Gold:   16         SH:  4    Dex: 14    Spells: 2/2 levels left

rFire   . . .        a - +0 rapier
rCold   . . .        c - +0 buckler
rNeg    . . .        b - +0 robe
rPois   .            (helmet restricted)
rElec   .            (no cloak)
rCorr   .            (gloves unavailable)
SInv    +            (boots unavailable)
Will    .....        (no amulet)
Stlth   +            (no ring)
HPRegen 0.23/turn    (no ring)
MPRegen 0.09/turn

%: no passive effects
@: lethally poisoned (0 -> -11), very quick
A: very small, no large weapons, unfitting armour, see invisible, speed 3
a: no special abilities


You were on level 1 of the Dungeon.
You visited 1 branch of the dungeon, and saw 1 of its levels.

You collected 16 gold pieces.

Inventory:

Hand Weapons
 a - a +0 rapier (weapon)
Armour
 b - a +0 robe (worn)
 c - a +0 buckler (worn)
Scrolls
 g - a scroll of teleportation {unknown}
 h - a scroll of noise {unknown}
Potions
 d - a potion of might
 e - a potion of curing {unknown}
 f - a potion of mutation {unknown}


   Skills:
 + Level 3.0 Fighting
 + Level 3.2 Short Blades
 + Level 4.0 Dodging
 - Level 2.1 Shields


You had 2 spell levels left.
You didn't know any spells.
Your spell library was empty.

Dungeon Overview and Level Annotations

Branches:
Dungeon (1/15)

Altars:


Innate Abilities, Weirdness & Mutations

You are very small and have problems with some larger weapons.
You are too small for most types of armour.
You have supernaturally acute eyesight. (SInv)
You cover ground extremely quickly. (Speed+++)


Message History

The hobgoblin is heavily wounded.
The hobgoblin hits you.
You hit the hobgoblin.
The hobgoblin is severely wounded.
The hobgoblin completely misses you.
You hit the hobgoblin.
The hobgoblin is almost dead.
The hobgoblin hits you.
You hit the hobgoblin.
You kill the hobgoblin!
You closely miss the goblin.
The goblin hits you with a +2 dagger of venom.
You are poisoned.
You are too injured to fight recklessly!
You are too injured to fight recklessly!
You are too injured to fight recklessly!
You are too injured to fight recklessly!
You are too injured to fight recklessly!
You are too injured to fight recklessly!
You are too injured to fight recklessly!
You are too injured to fight recklessly!
You are too injured to fight recklessly!
You are too injured to fight recklessly!
You are too injured to fight recklessly!
You are too injured to fight recklessly!
You are too injured to fight recklessly!
You are too injured to fight recklessly!
You barely miss the goblin.
You feel very sick.
The goblin hits you with a +2 dagger of venom.
* * * LOW HITPOINT WARNING * * *
You are lethally poisoned!
You hit the goblin.
You kill the goblin!
* * * LOW HITPOINT WARNING * * *
You feel very sick. The rat closely misses you.
You hit the rat.
The rat is heavily wounded.
You die...

...####.#
##'####......#
K.......##
#............#
#........#
#............#
r.g.g....###
#........[...###
...SK......#
##...........'.#
..########.##
######......#.###
#..###.........###....
##..##....≈~≈~.# #....
##.r@.~~~~≈≈≈~~##.#..
####.~≈≈≈≈≈≈~≈.....#
#~≈≈≈≈≈≈≈~≈≈#.#.#
#≈≈≈#####~###.#.#
≈≈≈≈#...### ###.#
#≈≈≈≈# _.+ #.#
#≈≈≈≈#...# #.)
##≈≈≈### ###


You could see a rat.

Vanquished Creatures
  A gnoll (D:1)
  A dart slug (D:1)
  2 ball pythons (D:1)
  An endoplasm (D:1)
  A giant cockroach (D:1)
  3 hobgoblins (D:1)
  A kobold (D:1)
  3 quokkas (D:1)
  2 bats (D:1)
  3 goblins (D:1)
  2 rats (D:1)
20 creatures vanquished.

Notes
Turn   | Place    | Note
-------+----------+-------------------------------------------
     0 | D:1      | Ijustatesigmund the Spriggan Fighter began the quest for
                  | the Orb.
     0 | D:1      | Reached XP level 1. HP: 11/11 MP: 2/2
    90 | D:1      | Reached XP level 2. HP: 16/16 MP: 3/3
   446 | D:1      | Found a faded altar of an unknown god.
   477 | D:1      | Reached XP level 3. HP: 20/20 MP: 4/4
   494 | D:1      | Succumbed to a goblin's poison

Illustrated notes

Levels and vault maps discovered:
D:1:      psy_arrival_conway, layout_basic, nicolae_ecumenical_lake_church

Skill      XL: |  1  2 |
---------------+-------+-----
Short Blades   | 3 |  3.2
Fighting       | 3 |  3.0
Dodging        | |  4.0
Shields        | |  2.1

Action                     || total
---------------------------++-------
  Melee: Rapier            ||    76
   Stab: Sleeping          ||     1
 Armour: Robe              ||    24
  Dodge: Dodged            ||    45
  Block: Buckler           ||    13

Table legend: (Time is in decaauts)
 A = Elapsed time spent in this place.
 B = Non-inter-level travel time spent in this place.
 C = Inter-level travel time spent in this place.
 D = Time resting spent in this place.
 E = Time spent auto-exploring this place.
 F = Levels seen in this place.
 G = Mean time per level.
                   A        B        C        D        E       F      G
               +--------+--------+--------+--------+--------+-----+--------+
         Total |    393 |    393 |      0 |    106 |    138 |   1 |  393.0 |
       Dungeon |    393 |    393 |      0 |    106 |    138 |   1 |  393.0 |
               +--------+--------+--------+--------+--------+-----+--------+

Top non-repeatable levels by time:
     D:1: 393 daAuts
